 Dungeon Crawl Stone Soup version 0.29-a0-821-g66395355a5 (console) character file.

Game seed: 8307761357563749038

33 om the Sneak (level 3, 0/25 HPs)
             Began as a Vampire Enchanter on July 7, 2022.
             Slain by a hobgoblin (1 damage)
             ... on level 1 of the Dungeon.
             The game lasted 00:02:51 (1188 turns).

om the Sneak (Vampire Enchanter)                    Turns: 1188, Time: 00:02:52

Health: 0/25       AC:  2    Str:  7    XL:     3   Next: 12%
Magic:  1/6        EV: 12    Int: 17    God:
Gold:   40         SH:  0    Dex: 16    Spells: 1/6 levels left

rFire   . . .      SeeInvis +   a - +1 dagger
rCold   . . .      Faith    .   (no shield)
rNeg    . . .      Spirit   .   b - +0 robe
rPois   +          Reflect  .   (no helmet)
rElec   .          Harm     .   (no cloak)
rCorr   .          Rampage  .   (no gloves)
Will    .....      Clarity  +   (no boots)
Stlth   +++.......              (no amulet)
HPRegen 0.28/turn               (no ring)
MPRegen 0.10/turn               (no ring)

@: brilliant, healing quickly, invisible
A: alive, fangs 3, see invisible, vampiric 2, clarity, poison resistance
a: Exsanguinate


You were on level 1 of the Dungeon.
You visited 1 branch of the dungeon, and saw 2 of its levels.

You collected 40 gold pieces.

Inventory:

Hand Weapons
 a - a +1 dagger (weapon)
Armour
 b - a +0 robe (worn)
Jewellery
 h - a ring of protection from fire
Scrolls
 f - a scroll of poison
 g - a scroll of torment {unknown}
 i - a scroll of identify {unknown}
 j - a scroll of vulnerability {unknown}
Potions
 c - a potion of invisibility


   Skills:
 + Level 0.6 Fighting
 * Level 1.7 Short Blades
 + Level 0.3 Armour
 + Level 2.4 Dodging
 + Level 4.6 Stealth
 * Level 2.4 Spellcasting
 + Level 4.6 Hexes


You had one spell level left.
You knew the following spells:

 Your Spells              Type           Power      Damage    Failure   Level
a - Ensorcelled Hibernat  Hex/Ice        28%        N/A       11%         2
b - Confusing Touch       Hex            26%        N/A       9%          3

Your spell library contained the following spells:

 Spells                   Type           Power      Damage    Failure   Level
 Tukima's Dance           Hex            26%        N/A       9%          3
 Dazzling Flash           Conj/Hex       28%        N/A       22%         3


Dungeon Overview and Level Annotations

Branches:
Dungeon (2/15)

Altars:


Innate Abilities, Weirdness & Mutations

Your natural rate of healing is accelerated.
You have razor-sharp teeth.
You have supernaturally acute eyesight. (SInv)
You are afflicted with vampirism and can become a bat while bloodless.
You possess an exceptional clarity of mind.
Your system is resistant to poisons. (rPois)


Message History

The adder poisons you! The bat hits you.
You climb upwards.
You feel sick.
There is a stone staircase leading down here.
Aiming: Ensorcelled Hibernation (safe; 11% risk of failure)
Press: ? - help, Q - select action Shift-Dir - straight line, f - adder
Aim: an adder (chance to affect: 51%)
The adder resists with some effort.
You feel sick. The adder barely misses you. The hobgoblin closely misses you.
The adder closely misses you.
You hit the adder.
The adder is heavily wounded.
You feel sick.
You are no longer poisoned.
The hobgoblin hits you. The adder barely misses you.
Aiming: Ensorcelled Hibernation (safe; 11% risk of failure)
Press: ? - help, Q - select action Shift-Dir - straight line, f/p - adder
Aim: an adder (heavily wounded, chance to affect: 51%)
The adder resists with some effort.
The hobgoblin hits you.
* * * LOW HITPOINT WARNING * * *
The adder closely misses you.
You hit the adder.
The adder is almost dead.
The adder barely misses you. The hobgoblin hits you.
* * * LOW HITPOINT WARNING * * *
You fade into invisibility!
The adder barely misses you. The hobgoblin barely misses you.
The adder misses you.
You don't have enough magic to cast this spell.
You don't have enough magic to cast this spell.
It was a potion of mutation.
You feel extremely strange.
You feel resistant to poisons.
Your thoughts seem clearer.
The hobgoblin misses you. The adder bites you.
* * * LOW HITPOINT WARNING * * *
It was a potion of brilliance.
You feel clever all of a sudden. The hobgoblin closely misses you.
The adder bites you.
* * * LOW HITPOINT WARNING * * *
The air fills with toxic fumes!
As you read the scroll labelled LINENL ROANEUT, it crumbles to dust.
It was a scroll of poison.
The adder barely misses you. The hobgoblin hits you.
You die...

#...........####.#
#................#
#..#####.##.##.###
#..#####.##.##.#
########
#...[....##.##.#
#.......
##.########.##.#
#.###### #.# #.##.#
##.# #.#
#.##.####>.# #.#
#......)..##
#.###########§######
#.§§§§§§S@g§§§#
###############


You could see an adder (unable to see you) and a hobgoblin (unable to see you).

Vanquished Creatures
  2 dart slugs (D:1)
  A ball python (D:1)
  3 endoplasms (D:1)
  A giant cockroach (D:1)
  3 goblins (D:1)
  A hobgoblin (D:1)
  4 quokkas (D:1)
  2 bats (D:1)
  4 frilled lizards (D:1)
  4 kobolds
  A rat (D:1)
26 creatures vanquished.

Vanquished Creatures (others)
  2 fungi (D:2)
  4 plants (D:2)
6 creatures vanquished.

Grand Total: 32 creatures vanquished

Notes
Turn   | Place    | Note
-------+----------+-------------------------------------------
     0 | D:1      | om the Vampire Enchanter began the quest for the Orb.
     0 | D:1      | Reached XP level 1. HP: 13/13 MP: 3/3
   108 | D:1      | Reached XP level 2. HP: 19/19 MP: 5/5
   143 | D:1      | Learned a level 2 spell: Ensorcelled Hibernation
   848 | D:1      | Gained mutation: You are afflicted with vampirism and can
                  | become a bat while bloodless. [Vampire growth]
   848 | D:1      | Reached XP level 3. HP: 22/25 MP: 4/6
  1120 | D:2      | Found a faded altar of an unknown god.
  1157 | D:2      | Learned a level 3 spell: Confusing Touch
  1186 | D:1      | Gained mutation: Your system is resistant to poisons.
                  | (rPois) [potion of mutation]
  1186 | D:1      | Gained mutation: You possess an exceptional clarity of
                  | mind. [potion of mutation]
  1187 | D:1      | HP: 1/25 [adder (1)]
  1188 | D:1      | Slain by a hobgoblin

Illustrated notes

Levels and vault maps discovered:
D:1:      dpeg_arrival_short_road, layout_loops_ring
D:2:      layout_basic, dreamdust_ecumenical_altar_grove, uniq_natasha

Action                   || total
-------------------------++-------
Melee: Dagger            ||    64
       Bite              ||     5
 Cast: Ensorcelled Hiber ||    13
  Use: Potion            ||     3
       Scroll            ||     1
 Stab: Sleeping          ||    14
Armor: Robe              ||    15
Dodge: Dodged            ||    53

Table legend: (Time is in decaauts)
 A = Elapsed time spent in this place.
 B = Non-inter-level travel time spent in this place.
 C = Inter-level travel time spent in this place.
 D = Time resting spent in this place.
 E = Time spent auto-exploring this place.
 F = Levels seen in this place.
 G = Mean time per level.
                   A        B        C        D        E       F      G
               +--------+--------+--------+--------+--------+-----+--------+
         Total |   1184 |   1177 |      7 |    324 |    601 |   2 |  592.0 |
       Dungeon |   1184 |   1177 |      7 |    324 |    601 |   2 |  592.0 |
               +--------+--------+--------+--------+--------+-----+--------+

Top non-repeatable levels by time:
     D:1: 1100 daAuts
     D:2: 83 daAuts
